 Dungeon Crawl Stone Soup version 0.29-a0-103-g37f86683bf (webtiles) character file.

Game seed: 10364400812914689864

23 Hubjo the Sneak (level 2, -2/21 HPs)
             Began as a Vampire Enchanter on Feb 15, 2022.
             Slain by a hobgoblin (3 damage)
             ... on level 2 of the Dungeon.
             The game lasted 00:01:34 (878 turns).

Hubjo the Sneak (Vampire Enchanter)                  Turns: 878, Time: 00:01:34

Health: -2/21      AC:  2    Str:  7    XL:     2   Next: 72%
Magic:  5/5        EV: 12    Int: 17    God:
Gold:   35         SH:  0    Dex: 14    Spells: 3/5 levels left

rFire   . . .      SeeInvis +   a - +1 dagger
rCold   . . .      Faith    .   (no shield)
rNeg    . . .      Spirit   .   b - +0 robe
rPois   .          Reflect  .   (no helmet)
rElec   .          Harm     .   (no cloak)
rCorr   .          Rampage  .   (no gloves)
Will    .....                   (no boots)
Stlth   +++.......              (no amulet)
HPRegen 0.27/turn               (no ring)
MPRegen 0.09/turn               (no ring)

@: healing quickly
A: alive, fangs 3, see invisible, vampiric 1
a: Exsanguinate


You were on level 2 of the Dungeon.
You visited 1 branch of the dungeon, and saw 2 of its levels.

You collected 35 gold pieces.

Inventory:

Hand Weapons
 a - a +1 dagger (weapon)
Armour
 b - a +0 robe (worn)
Scrolls
 d - a scroll of enchant weapon {unknown}
 g - 2 scrolls of identify
 h - a scroll of enchant armour {unknown}
 i - a scroll of holy word {unknown}
Potions
 c - a potion of invisibility
 f - a potion of degeneration {unknown}
 j - a potion of magic {unknown}


   Skills:
 * Level 1.0 Fighting
 + Level 1.3 Short Blades
 + Level 2.4 Dodging
 * Level 5.0 Stealth
 - Level 2.0 Spellcasting
 + Level 4.6 Hexes


You had 3 spell levels left.
You knew the following spells:

 Your Spells              Type           Power      Damage    Failure   Level
a - Ensorcelled Hibernat  Hex/Ice        18%        N/A       11%         2

Your spell library contained the following spells:

 Spells                   Type           Power      Damage    Failure   Level
 Confusing Touch          Hex            17%        N/A       9%          3
 Tukima's Dance           Hex            17%        N/A       9%          3
 Dazzling Flash           Conj/Hex       18%        N/A       22%         3


Dungeon Overview and Level Annotations

Branches:
Dungeon (2/15)

Altars:


Innate Abilities, Weirdness & Mutations

Your natural rate of healing is accelerated.
You have razor-sharp teeth.
You have supernaturally acute eyesight. (SInv)
You are afflicted with vampirism.


Message History

The kobold throws a stone.
The stone hits you but does no damage.
Your Fighting skill increases to level 1!
The kobold closely misses you.
Things that are here:
a +0 short sword; a hobgoblin corpse; a kobold corpse You hit the kobold but do no damage.
The kobold closely misses you.
You hit the kobold but do no damage. The kobold closely misses you.
You closely miss the kobold. The kobold closely misses you.
You barely miss the kobold. The kobold hits you with a +0 club.
You hit the kobold.
The kobold is heavily wounded.
The kobold hits you with a +0 club.
You hit the kobold.
You kill the kobold!
You hit the hobgoblin but do no damage.
The hobgoblin is lightly wounded.
The hobgoblin hits you.
You hit the hobgoblin.
The hobgoblin is moderately wounded.
The hobgoblin hits you.
An adder comes into view.
The adder hisses angrily.
You hit the hobgoblin but do no damage. Your punch misses the hobgoblin.
The hobgoblin is moderately wounded.
The hobgoblin hits you but does no damage.
You hit the hobgoblin but do no damage.
The hobgoblin is moderately wounded.
The hobgoblin closely misses you.
You hit the hobgoblin.
The hobgoblin is almost dead.
The hobgoblin hits you.
* * * LOW HITPOINT WARNING * * *
You closely miss the hobgoblin.
The hobgoblin is almost dead.
The hobgoblin hits you.
* * * LOW HITPOINT WARNING * * *
You closely miss the hobgoblin.
The hobgoblin is almost dead.
The hobgoblin hits you.
You die...

?........†........
...#..<..........
#...g###.##..### #
####.#...# ...# ##.
####...### #.#
#..##...g### ...
..#......### ##
........######
........Sg@..#
.........###.......
.........# #.....(
........## #.....
..##...## ..... ##
#### .... ... ###


You could see an adder and a hobgoblin.

Vanquished Creatures
  A dart slug (D:1)
  2 bats
  An endoplasm (D:1)
  A goblin (D:1)
  3 hobgoblins
  2 quokkas (D:1)
  3 ball pythons (D:1)
  3 kobolds
  3 rats (D:1)
19 creatures vanquished.

Notes
Turn   | Place    | Note
-------+----------+-------------------------------------------
     0 | D:1      | Hubjo the Vampire Enchanter began the quest for the Orb.
     0 | D:1      | Reached XP level 1. HP: 13/13 MP: 3/3
   269 | D:1      | Reached XP level 2. HP: 19/20 MP: 5/5
   822 | D:2      | Learned a level 2 spell: Ensorcelled Hibernation
   861 | D:2      | Reached skill level 5 in Stealth
   865 | D:2      | Reached skill level 1 in Fighting
   877 | D:2      | HP: 1/21 [hobgoblin (4)]
   878 | D:2      | Slain by a hobgoblin

Illustrated notes

Levels and vault maps discovered:
D:1:      dpeg_arrival_pond, layout_loops_cross, minmay_pentomino_p4
D:2:      layout_rooms

Skill      XL: |  1  2 |
---------------+-------+-----
Stealth        | 5 |  5.0
Fighting       | 1 |  1.0
Short Blades   | |  1.3
Dodging        | |  2.4
Spellcasting   | |  2.0
Hexes          | |  4.6

Action                   || total
-------------------------++-------
Melee: Dagger            ||    84
       Bite              ||     6
       Punch             ||     1
  Use: Scroll            ||     1
       Potion            ||     1
 Stab: Sleeping          ||     4
Armor: Robe              ||    20
Dodge: Dodged            ||    62

Table legend: (Time is in decaauts)
 A = Elapsed time spent in this place.
 B = Non-inter-level travel time spent in this place.
 C = Inter-level travel time spent in this place.
 D = Time resting spent in this place.
 E = Time spent auto-exploring this place.
 F = Levels seen in this place.
 G = Mean time per level.
                   A        B        C        D        E       F      G
               +--------+--------+--------+--------+--------+-----+--------+
         Total |    872 |    775 |     97 |      0 |    597 |   2 |  436.0 |
       Dungeon |    872 |    775 |     97 |      0 |    597 |   2 |  436.0 |
               +--------+--------+--------+--------+--------+-----+--------+

Top non-repeatable levels by time:
     D:1: 814 daAuts
     D:2: 57 daAuts
